 Dungeon Sprint DCSS version 0.17.1-3-g152610e (webtiles) character file.

26759 hexophile the Warrior (level 13, 0/124 HPs)
             Began as a Demonspawn Fighter on Apr 20, 2016.
             Was the Champion of Makhleb.
             Killed from afar by a naga mage (6 damage)
             ... with a splash of poison
             ... in the Dungeon (Sprint IX: "|||||||||||||||||||||||||||||").
             The game lasted 00:08:41 (2456 turns).

hexophile the Warrior (Demonspawn Fighter)          Turns: 2456, Time: 00:08:41

Health: 0/124      AC: 22    Str: 23    XL:     13   Next: 0%
Magic:  7/7        EV:  3    Int: 10    God:    Makhleb [******]
Gold:   1048       SH: 20    Dex: 14    Spells: 0 memorised, 12 levels left

rFire  + . .     SeeInvis .     w - +6 demon blade (antimagic)
rCold  + . .     Clarity  .     C - +2 plate armour {rC+} {rC+}
rNeg   . . .     SustAt   .     B - +1 large shield
rPois  x         Gourm    .     (helmet unavailable)
rElec  .         Spirit   .     y - +0 cloak
rCorr  .         Warding  .     m - +0 pair of gloves
rMut   .         NoTele   +     (no boots)
MR     .....                    (no amulet)
Stlth  ..........               (no ring)
                                a - +3 ring of strength

@: lethally poisoned (0 -> -30), poison vulnerable, very slightly contaminated,
not resistant to hostile enchantments, extremely unstealthy
A: horns 3, molten scales 2, fire resistance 1, powered by death 1, flame cloud
immunity
a: Minor Destruction, Lesser Servant of Makhleb, Major Destruction, Greater
Servant of Makhleb, Renounce Religion


You were in the Dungeon.
You worshipped Makhleb.
Makhleb was exalted by your worship.
You were very hungry.

You visited 1 branch You collected 1900 gold pieces.
You spent 852 gold pieces at shops.


Innate Abilities, Weirdness & Mutations

You have a pair of large horns on your head.
You are mostly covered in molten scales (AC +3, EV -1).
Your flesh is heat resistant.
You regenerate a little health from kills.
You are immune to clouds of flame.

Inventory:

Hand Weapons
 n - a +2 scimitar of flaming
 w - a +6 antimagic demon blade (weapon)
 A - a +1 great sword of protection
Armour
 m - a +0 pair of gloves (worn)
 y - a +0 cloak (worn)
 B - a +1 large shield (worn)
 C - a +2 plate armour of cold resistance (worn) {rC+}
Jewellery
 a - a +3 ring of strength (left hand)
Wands
 h - a wand of fire (0)
Scrolls
 g - 4 scrolls of remove curse
 o - a scroll of identify
 p - a scroll of fear
 q - a scroll of recharging
 s - 2 scrolls of fog
 t - 4 scrolls of enchant armour
Potions
 b - a potion of haste
 d - a potion of invisibility
 e - 7 potions of heal wounds
 f - 3 potions of curing
 i - 4 potions of magic
 j - 3 potions of berserk rage
 l - a potion of brilliance {Archmagi Int+5 Wiz++}
 v - a potion of might {Str+5 DMG+1d10}
Comestibles
 r - 13 bread rations
 x - 39 fruits
 z - 12 meat rations


You had 12 spell levels left.
You didn't know any spells.


   Skills:
 * Level 18.4 Fighting
 * Level 18.2 Long Blades
 - Level 10.8 Armour
 - Level 12.1 Shields
 - Level 13.8 Invocations

Dungeon Overview and Level Annotations

Branches:
Dungeon (1/1)

Altars:
Cheibriados
Dithmenos
Elyvilon
Fedhas
Gozag
Kikubaaqudgha
Makhleb
Nemelex Xobeh
Okawaru
Qazlal
Ru
Sif Muna
Trog
Vehumet
Xom
Yredelemnul
Zin
The Shining One
Beogh
Jiyva
Lugonu

Shops:
D *}*[

Vault maps used:
D:        linesprint
You       could see a black mamba and a naga mage.


Message History

t - Shout!
Orders for allies: a - Attack new target. r - Retreat! s - Stop attacking. w - Wait here. f - Follow me.
Anything else - Stay silent.
Gang up on whom?
Press: ? - help, Dir - move target cursor, f - naga sharpshooter
Aim: a naga sharpshooter, wielding an arbalest Attack!
The naga sharpshooter spits poison at you.
The splash of poison hits your green death.
Your green death appears unharmed.
The guardian serpent casts a spell.
The black mamba blinks into view!
The naga mage blinks!
The naga sharpshooter unwields an uncursed arbalest.
The naga sharpshooter wields an uncursed hand axe of venom.
It begins to drip with poison!
The naga sharpshooter hits your green death with an uncursed hand axe of venom!
Your green death is poisoned.
The naga sharpshooter grabs your green death.
The naga sharpshooter constricts your green death.
The black mamba completely misses you.
Your green death hits the naga sharpshooter!!
Drink which item? (? for menu, Esc to quit)
You feel much better. You block the black mamba's attack.
You block the naga mage's attack. The naga mage grabs you.
* * * LOW HITPOINT WARNING * * *
The naga mage constricts you. The black mamba bites you!
* * * LOW HITPOINT WARNING * * *
You are lethally poisoned!
The black mamba poisons you!
The naga sharpshooter spits poison at you.
The splash of poison hits your green death.
Your green death appears unharmed.
The naga sharpshooter constricts your green death.
Your green death barely misses the naga sharpshooter.
You lost 3 HP.
You have now: 8/124 HP.
Unknown command.
Unknown command.
Read which item? (? for menu, Esc to quit)
Blink to where?
Press: ? - help, Dir - move target cursor, p - naga sharpshooter You escape the naga mage's grasp.
As you read the scroll of blinking, it crumbles to dust.
* * * LOW HITPOINT WARNING * * *
You feel sick. The naga mage spits poison at you.
The splash of poison hits you!
You are more poisoned.
You die...

Action                   |  1- 3 |  4- 6 |  7- 9 | 10-12 | 13-15 || total
-------------------------+-------+-------+-------+-------+-------++-------
Melee: Long sword        |    15 |    15 |       |       |       ||    30
       Scimitar          |       |    23 |    72 |   265 |       ||   360
       Demon blade       |       |       |       |   120 |       ||   120
Invok: Lesser Servant of |       |       |       |     2 |       ||     2
       Greater Servant o |       |       |       |     3 |       ||     3
Evoke: Wand              |       |     1 |     6 |       |       ||     7
  Use: Potion            |     3 |     2 |       |     4 |     1 ||    10
       Scroll            |       |       |       |     7 |     1 ||     8
  Eat: Chunk             |       |       |       |     3 |       ||     3
       Fruit             |       |       |       |     1 |       ||     1
       Beef jerky        |       |       |       |     1 |       ||     1

Notes
Turn   | Place    | Note
--------------------------------------------------------------
     0 | D        | hexophile the Demonspawn Fighter began the quest for the Orb.
     0 | D        | Reached XP level 1. HP: 18/18 MP: 1/1
     6 | D        | Reached skill level 2 in Long Blades
     8 | D        | Reached skill level 3 in Long Blades
    57 | D        | Noticed a water moccasin
    57 | D        | Noticed a hound
    57 | D        | Noticed a sky beast
    57 | D        | Noticed an orc wizard
    66 | D        | Killed a water moccasin
    66 | D        | Reached skill level 8 in Long Blades
    66 | D        | Gained mutation: Your flesh is heat resistant. [demonic ancestry]
    66 | D        | Reached XP level 2. HP: 21/24 MP: 2/2
    66 | D        | Reached XP level 3. HP: 25/29 MP: 3/3
    66 | D        | Gained mutation: You are immune to clouds of flame. [demonic ancestry]
    66 | D        | Reached XP level 4. HP: 30/35 MP: 4/4
    70 | D        | Killed a hound
    70 | D        | Reached skill level 3 in Armour
    79 | D        | Killed a sky beast
    79 | D        | Reached skill level 5 in Fighting
    79 | D        | Reached skill level 9 in Long Blades
    79 | D        | Reached skill level 4 in Armour
    79 | D        | Gained mutation: You have a pair of small horns on your head. [demonic ancestry]
    79 | D        | Reached XP level 5. HP: 12/44 MP: 5/5
    83 | D        | Killed an orc wizard
    83 | D        | Reached skill level 5 in Armour
    91 | D        | Found a glowing silver altar of Zin.
    91 | D        | Found a glowing golden altar of the Shining One.
    91 | D        | Found an ancient bone altar of Kikubaaqudgha.
    91 | D        | Found a basalt altar of Yredelemnul.
    91 | D        | Found a shimmering altar of Xom.
    91 | D        | Found a radiant altar of Vehumet.
    92 | D        | Found an iron altar of Okawaru.
    93 | D        | Found a burning altar of Makhleb.
    94 | D        | Found a deep blue altar of Sif Muna.
    95 | D        | Found a bloodstained altar of Trog.
    96 | D        | Found a sparkling altar of Nemelex Xobeh.
    97 | D        | Found a white marble altar of Elyvilon.
    98 | D        | Found a roughly hewn altar of Beogh.
    99 | D        | Found a viscous altar of Jiyva.
   100 | D        | Found a corrupted altar of Lugonu.
   103 | D        | Found a blossoming altar of Fedhas.
   104 | D        | Found a snail-covered altar of Cheibriados.
   105 | D        | Found a shadowy altar of Dithmenos.
   106 | D        | Found a stormy altar of Qazlal.
   107 | D        | Found an opulent altar of Gozag.
   108 | D        | Found a sacrificial altar of Ru.
   115 | D        | Became a worshipper of Makhleb the Destroyer
   164 | D        | Noticed a crimson imp
   164 | D        | Noticed an iguana
   164 | D        | Noticed an iguana
   164 | D        | Noticed a wasp
   169 | D        | Killed a crimson imp
   171 | D        | Reached * piety under Makhleb
   171 | D        | Reached skill level 6 in Fighting
   174 | D        | Gained mutation: You are partially covered in molten scales (AC +1). [demonic ancestry]
   174 | D        | Reached XP level 6. HP: 48/52 MP: 6/6
   176 | D        | Killed an iguana
   181 | D        | Killed an iguana
   181 | D        | Reached ** piety under Makhleb
   187 | D        | Killed a wasp
   187 | D        | Reached skill level 7 in Fighting
   187 | D        | Reached skill level 10 in Long Blades
   187 | D        | Reached skill level 6 in Armour
   396 | D        | Noticed a two-headed ogre
   396 | D        | Noticed a shadow
   396 | D        | Noticed an iguana
   396 | D        | Noticed a yak
   396 | D        | Noticed an orc warrior
   396 | D        | Noticed a centaur
   397 | D        | Killed an iguana
   398 | D        | Killed a two-headed ogre
   398 | D        | Reached *** piety under Makhleb
   398 | D        | Reached skill level 8 in Fighting
   398 | D        | Reached skill level 7 in Armour
   398 | D        | Gained mutation: You are mostly covered in molten scales (AC +3, EV -1). [demonic ancestry]
   398 | D        | Reached XP level 7. HP: 60/62 MP: 7/7
   399 | D        | Killed a shadow
   399 | D        | Reached skill level 11 in Long Blades
   399 | D        | Reached skill level 8 in Armour
   404 | D        | Killed a yak
   404 | D        | Reached skill level 9 in Fighting
   412 | D        | Killed an orc warrior
   412 | D        | Reached **** piety under Makhleb
   412 | D        | Gained mutation: You have a pair of horns on your head. [demonic ancestry]
   412 | D        | Reached XP level 8. HP: 54/71 MP: 8/8
   417 | D        | Killed a centaur
   613 | D        | Noticed a spiny frog
   613 | D        | Noticed a hippogriff
   613 | D        | Noticed a water moccasin
   613 | D        | Noticed a water moccasin
   613 | D        | Noticed a hippogriff
   613 | D        | Noticed a crocodile
   616 | D        | Noticed a six-headed hydra
   619 | D        | Killed a spiny frog
   619 | D        | Reached skill level 10 in Fighting
   619 | D        | Reached skill level 9 in Armour
   619 | D        | Killed a hippogriff
   619 | D        | Reached skill level 12 in Long Blades
   620 | D        | Killed a water moccasin
   621 | D        | Noticed a crocodile
   622 | D        | Killed a water moccasin
   622 | D        | Reached ***** piety under Makhleb
   622 | D        | Reached skill level 1 in Invocations
   624 | D        | Killed a four-headed hydra
   624 | D        | Reached skill level 11 in Fighting
   624 | D        | Reached skill level 10 in Armour
   624 | D        | Reached skill level 5 in Invocations
   624 | D        | Reached XP level 9. HP: 79/81 MP: 8/13
   625 | D        | Noticed a hippogriff
   627 | D        | Killed a hippogriff
   629 | D        | Killed a crocodile
   629 | D        | Reached skill level 6 in Invocations
   632 | D        | Killed a crocodile
   639 | D        | Killed a hippogriff
   690 | D        | Noticed a giant frog
   690 | D        | Noticed a yak
   690 | D        | Noticed a water moccasin
   690 | D        | Noticed a black mamba
   690 | D        | Noticed a spiny frog
   690 | D        | Noticed a crocodile
   693 | D        | Killed a giant frog
   698 | D        | Noticed a giant frog
   699 | D        | Killed a yak
   699 | D        | Reached ****** piety under Makhleb
   699 | D        | Reached skill level 7 in Invocations
   704 | D        | Killed a black mamba
   704 | D        | Reached skill level 12 in Fighting
   704 | D        | Reached skill level 13 in Long Blades
   704 | D        | Reached skill level 8 in Invocations
   709 | D        | Noticed a porcupine
   710 | D        | Killed a water moccasin
   717 | D        | Killed a spiny frog
   720 | D        | Killed a crocodile
   720 | D        | Reached skill level 9 in Invocations
   724 | D        | Gained mutation: You have a pair of large horns on your head. [demonic ancestry]
   724 | D        | Reached XP level 10. HP: 68/90 MP: 16/16
   734 | D        | Killed a giant frog
   736 | D        | Killed a porcupine
   837 | D        | Noticed an elephant
   837 | D        | Noticed an elephant
   837 | D        | Noticed an elephant
   837 | D        | Noticed an elephant
   837 | D        | Noticed an elephant
   837 | D        | Noticed an elephant
   842 | D        | Killed an elephant
   842 | D        | Reached skill level 3 in Shields
   849 | D        | Killed an elephant
   849 | D        | Reached skill level 10 in Invocations
   858 | D        | Killed an elephant
   858 | D        | Reached skill level 13 in Fighting
   858 | D        | Reached skill level 4 in Shields
   868 | D        | Killed an elephant
   873 | D        | Killed an elephant
   873 | D        | Reached skill level 14 in Long Blades
   873 | D        | Reached skill level 5 in Shields
   874 | D        | Noticed an elephant
   881 | D        | Killed an elephant
   881 | D        | Reached skill level 11 in Invocations
   888 | D        | Killed an elephant
   902 | D        | Noticed an elephant
   911 | D        | Killed an elephant
   950 | D        | Noticed a wraith
   951 | D        | Noticed a wraith
   952 | D        | Noticed Josephine
   953 | D        | Noticed a wraith
   954 | D        | Noticed a wraith
   957 | D        | Noticed a wraith
   961 | D        | Killed a wraith
   961 | D        | Reached skill level 6 in Shields
   966 | D        | Killed a wraith
   972 | D        | Killed Josephine
   972 | D        | Reached skill level 12 in Invocations
   972 | D        | Reached XP level 11. HP: 76/99 MP: 18/20
   980 | D        | Killed a wraith
   986 | D        | Killed a wraith
   986 | D        | Reached skill level 14 in Fighting
   993 | D        | Killed a wraith
  1037 | D        | Noticed Urug
  1054 | D        | Killed Urug
  1054 | D        | Reached skill level 7 in Shields
  1081 | D        | Noticed an orc warrior
  1081 | D        | Noticed an orc wizard
  1081 | D        | Noticed an orc priest
  1081 | D        | Noticed an orc priest
  1085 | D        | Killed an orc warrior
  1088 | D        | Killed an orc wizard
  1092 | D        | Noticed an orc wizard
  1094 | D        | Killed an orc priest
  1095 | D        | Noticed an orc wizard
  1096 | D        | Killed an orc priest
  1096 | D        | Reached skill level 13 in Invocations
  1098 | D        | Noticed an orc priest
  1099 | D        | Noticed an orc priest
  1102 | D        | Killed an orc wizard
  1103 | D        | Noticed an orc wizard
  1107 | D        | Killed an orc wizard
  1114 | D        | Killed an orc priest
  1116 | D        | Killed an orc priest
  1121 | D        | Killed an orc wizard
  1214 | D        | Noticed an orc warrior
  1214 | D        | Noticed an orc priest
  1214 | D        | Noticed an orc wizard
  1214 | D        | Noticed an orc warrior
  1214 | D        | Noticed an orc warrior
  1214 | D        | Noticed an orc wizard
  1216 | D        | Noticed an orc knight
  1217 | D        | Killed an orc warrior
  1218 | D        | Killed an orc priest
  1219 | D        | Noticed an orc knight
  1221 | D        | Killed an orc warrior
  1223 | D        | Noticed an orc warrior
  1231 | D        | Killed an orc knight
  1239 | D        | Noticed an orc warrior
  1242 | D        | Killed an orc knight
  1242 | D        | Reached skill level 15 in Long Blades
  1242 | D        | Reached skill level 8 in Shields
  1247 | D        | Killed an orc warrior
  1248 | D        | Killed an orc wizard
  1253 | D        | Killed an orc wizard
  1254 | D        | Noticed an orc warrior
  1256 | D        | Killed an orc warrior
  1263 | D        | Killed an orc warrior
  1271 | D        | Killed an orc warrior
  1388 | D        | Found Retyliurro's General Store.
  1388 | D        | Noticed an ogre mage
  1388 | D        | Noticed an ogre
  1388 | D        | Noticed a two-headed ogre
  1388 | D        | Noticed a two-headed ogre
  1388 | D        | Noticed a two-headed ogre
  1389 | D        | Noticed a two-headed ogre
  1392 | D        | Killed an ogre mage
  1396 | D        | Noticed an ogre mage
  1397 | D        | Killed a two-headed ogre
  1400 | D        | Killed a two-headed ogre
  1402 | D        | Killed a two-headed ogre
  1402 | D        | Reached skill level 15 in Fighting
  1403 | D        | Killed a two-headed ogre
  1403 | D        | Reached skill level 9 in Shields
  1406 | D        | Noticed an ogre
  1406 | D        | Killed an ogre
  1408 | D        | Noticed a two-headed ogre
  1409 | D        | Killed an ogre mage
  1410 | D        | Found Rib Jank's Gadget Shoppe.
  1412 | D        | Killed an ogre
  1414 | D        | Noticed a two-headed ogre
  1414 | D        | Killed a two-headed ogre
  1415 | D        | Found Kofinut's Assorted Antiques.
  1417 | D        | Found Jajoasy's Armour Shoppe.
  1419 | D        | Killed a two-headed ogre
  1422 | D        | Noticed an ogre
  1423 | D        | Noticed a two-headed ogre
  1424 | D        | Noticed a two-headed ogre
  1431 | D        | Killed a two-headed ogre
  1436 | D        | Killed a two-headed ogre
  1442 | D        | Killed an ogre
  1570 | D        | Bought a scroll of enchant weapon for 180 gold pieces
  1570 | D        | Bought a potion of might for 96 gold pieces
  1570 | D        | Bought a scroll labeled NEUROZ JUIJAHO for 24 gold pieces
  1570 | D        | Bought a shiny plate armour for 552 gold pieces
  1608 | D        | Noticed a wolf
  1610 | D        | Noticed Grum
  1611 | D        | Killed a wolf
  1612 | D        | Noticed a wolf
  1613 | D        | Noticed a wolf
  1617 | D        | Killed Grum
  1620 | D        | Killed a wolf
  1620 | D        | Reached skill level 10 in Shields
  1622 | D        | Killed a wolf
  1642 | D        | Noticed Sonja
  1672 | D        | Killed Sonja
  1673 | D        | HP: 5/104 [poisoned by Sonja (curare-tipped needle)]
  1678 | D        | HP: 4/104 [poisoned by Sonja (curare-tipped needle)]
  1683 | D        | HP: 4/104 [poisoned by Sonja (curare-tipped needle)]
  1688 | D        | HP: 4/104 [poisoned by Sonja (curare-tipped needle)]
  2067 | D        | Noticed Psyche
  2078 | D        | Killed Psyche
  2191 | D        | Noticed a deep elf mage
  2191 | D        | Noticed a griffon
  2191 | D        | Noticed a centaur warrior
  2191 | D        | Noticed a hungry ghost
  2191 | D        | Noticed a vampire mosquito
  2198 | D        | Killed a griffon
  2198 | D        | Reached skill level 16 in Long Blades
  2199 | D        | Noticed a soldier ant
  2202 | D        | Killed a deep elf mage
  2203 | D        | Noticed an ettin
  2208 | D        | Killed a centaur warrior
  2208 | D        | Reached skill level 16 in Fighting
  2208 | D        | Reached XP level 12. HP: 111/111 MP: 7/22
  2210 | D        | Killed a hungry ghost
  2213 | D        | Killed a vampire mosquito
  2214 | D        | Noticed a sphinx
  2217 | D        | Noticed a centaur warrior
  2219 | D        | Noticed a fire giant
  2222 | D        | Noticed a yaktaur
  2222 | D        | Killed an ettin
  2222 | D        | Reached skill level 11 in Shields
  2225 | D        | Killed a soldier ant
  2226 | D        | Paralysed by a sphinx for 4 turns
  2233 | D        | Noticed a slime creature
  2236 | D        | Killed a sphinx
  2244 | D        | Killed a fire giant
  2250 | D        | Killed a centaur warrior
  2250 | D        | Reached skill level 17 in Fighting
  2250 | D        | Reached skill level 17 in Long Blades
  2250 | D        | Reached skill level 12 in Shields
  2254 | D        | Killed a yaktaur
  2259 | D        | Killed a slime creature
  2261 | D        | Noticed a deep troll earth mage
  2266 | D        | Killed a deep troll earth mage
  2288 | D        | Noticed Nergalle
  2297 | D        | Killed Nergalle
  2370 | D        | Noticed a shadow
  2370 | D        | Noticed a bog body
  2370 | D        | Noticed a shadow
  2370 | D        | Noticed a wasp
  2370 | D        | Noticed a four-headed hydra
  2370 | D        | Noticed a bog body
  2371 | D        | Noticed an alligator
  2373 | D        | Killed a shadow
  2378 | D        | Noticed a bog body
  2380 | D        | Killed a nine-headed hydra
  2381 | D        | Killed a bog body
  2383 | D        | Noticed a spriggan rider
  2388 | D        | Killed an alligator
  2391 | D        | Killed a shadow
  2392 | D        | Killed a wasp
  2395 | D        | Killed a bog body
  2400 | D        | Killed a bog body
  2409 | D        | Killed a spriggan rider
  2409 | D        | Killed a wasp
  2409 | D        | Reached skill level 18 in Fighting
  2416 | D        | Noticed a black mamba
  2416 | D        | Noticed a black mamba
  2416 | D        | Noticed a naga mage
  2416 | D        | Noticed a naga ritualist
  2416 | D        | Noticed a naga sharpshooter
  2416 | D        | Noticed a black mamba
  2421 | D        | Killed a black mamba
  2423 | D        | Noticed a guardian serpent
  2426 | D        | Noticed an anaconda
  2427 | D        | Noticed a black mamba
  2431 | D        | Killed a black mamba
  2431 | D        | Reached skill level 18 in Long Blades
  2434 | D        | Killed an anaconda
  2448 | D        | Killed a naga ritualist
  2452 | D        | Killed a black mamba
  2452 | D        | Gained mutation: You regenerate a little health from kills. [demonic ancestry]
  2452 | D        | Reached XP level 13. HP: 11/124 MP: 7/23
  2456 | D        | HP: 6/124 [poisoned by a black mamba]
  2456 | D        | Killed from afar by a naga mage

Table legend:
 A = Turns spent in this place as a percentage of turns spent in the entire game.
 B = Non-inter-level travel turns spent in this place as a percentage of non-inter-level travel turns spent in the entire game.
 C = Inter-level travel turns spent in this place as a percentage of turns spent in this place.
 D = Turns resting spent in this place as a percentage of non-inter-level travel turns spent in this place.
 E = Turns spent auto-exploring this place as a percentage of non-inter-level travel turns spent in this place.
 F = Non-inter-level travel turns spent in this place divided by the number of levels of this place that you've seen.
                   A       B       C       D       E      F
               +-------+-------+-------+-------+-------+----------------------
         Total | 100.0 | 100.0 |   0.0 |   3.6 |   0.6 | 1290.0
       Dungeon | 100.0 | 100.0 |   0.0 |   3.6 |   0.6 | 1290.0
               +-------+-------+-------+-------+-------+----------------------

Table legend:
 A = Kills in this place as a percentage of kills in entire the game.
 B = Kills by you in this place as a percentage of kills by you in the entire game.
 C = Kills by friends in this place as a percentage of kills by friends in the entire game.
 D = Other kills in this place as a percentage of other kills in the entire game.
 E = Experience gained in this place as a percentage of experience gained in the entire game.
 F = Experience gained in this place divided by the number of levels of this place that you have seen.
                   A       B       C       D       E      F
               +-------+-------+-------+-------+-------+----------------------
         Total | 100.0 | 100.0 | 100.0 |  -nan | 100.0 | 38228.0
       Dungeon | 100.0 | 100.0 | 100.0 |  -nan | 100.0 | 38228.0
               +-------+-------+-------+-------+-------+----------------------

Vanquished Creatures
  A sphinx (D)
  A fire giant (D)
  An ettin (D)
  Josephine (D)
  2 centaur warriors (D)
  2 hydras (D)
  An alligator (D)
  2 ogre magi (D)
  A deep troll earth mage (D)
  Urug (D)
  An anaconda (D)
  Nergalle (D)
  A spriggan (D)
  2 orc knights (D)
  A griffon (D)
  3 black mambas (D)
  8 elephants (D)
  Psyche (D)
  2 spiny frogs (D)
  A yaktaur (D)
  9 two-headed ogres (D)
  3 bog bodies (D)
  A slime creature (D)
  3 shadows (D)
  2 yaks (D)
  3 hippogriffs (D)
  A deep elf mage (D)
  5 wraiths (D)
  Grum (D)
  A soldier ant (D)
  A vampire mosquito (D)
  A hungry ghost (D)
  3 wolves (D)
  8 orc warriors (D)
  A porcupine (D)
  A centaur (D)
  4 water moccasins (D)
  3 ogres (D)
  3 wasps (D)
  A sky beast (D)
  3 crocodiles (D)
  2 giant frogs (D)
  A crimson imp (D)
  5 orc priests (D)
  A hound (D)
  3 iguanas (D)
  7 orc wizards (D)
  A river rat (D)
  An adder (D)
  A shadow imp (D)
  An adder skeleton (D)
  6 orcs (D)
  2 hobgoblins (D)
  A goblin (D)
  A jackal skeleton (D)
  2 rats (D)
127 creatures vanquished.

Vanquished Creatures (collateral kills)
  Sonja (D)
  A naga ritualist (D)
  A black mamba (D)
3 creatures vanquished.

Grand Total: 130 creatures vanquished
